zenyatta, lawful female human Monk ----- ############## ###############....| ------- # ---------------- |...| |.....|### |..........>...-######.<..| |......##########...............|## |...+ |.....| # |..............|## |...| |.....|## -|--------------# -.--- -.----- ## # ## # # # ### # # # --------------- #### # #..............| ------------.- ###|.............| .......{...@.| ###|.............| |...........f.######## #..............| .............| |.............| |............| --------------- -------------- zenyatta the Novice Experience level: 5 Strength: 18/01 Dexterity: 15 Constitution: 13 Intelligence: 9 Wisdom: 13 Charisma: 9 Health: 0(33) Energy: 31(31) Def: 6 Gold: 697 Moves: 3133 Dungeon seed: oAfFSDYCh0iNReAM Game ID: zenyatta_1463750449 Your Inventory: Coins $ - 697 gold pieces Amulets Q - a blessed amulet of life saving Armor e - an uncursed +2 pair of leather gloves (being worn) n - an uncursed +1 robe (being worn) Comestibles d - 7 uncursed food rations g - 5 uncursed oranges h - 2 uncursed fortune cookies Scrolls b - 2 uncursed scrolls of teleportation v - an uncursed scroll of enchant weapon C - an uncursed scroll of earth D - an uncursed scroll of create monster E - an uncursed scroll of identify I - an uncursed scroll of gold detection L - an uncursed scroll of remove curse Spellbooks a - a blessed spellbook of sleep k - an uncursed spellbook of detect food u - an uncursed spellbook of light x - an uncursed spellbook of knock P - an uncursed spellbook of confuse monster Potions c - 2 uncursed potions of healing z - an uncursed potion of water K - an uncursed potion of polymorph Rings A - an uncursed ring of levitation B - an uncursed ring of shock resistance Wands H - a wand of undead turning (0:7) Tools i - a magic marker (0:34) y - an uncursed tin whistle Gems q - an uncursed worthless piece of red glass (in quiver) Spells and supernatural/magical abilities: Name Level Category Fail Memory k - knock 1 matter 0% 92% l - light 1 divination 0% 91% u - confuse monster 2 enchantment 67% 100% z - sleep 1 enchantment 0% 85% E - detect food 2 divination 67% 95% W - pray for help -- divine ? -- Your skills at the end: Fighting Skills martial arts [Basic] Weapon Skills Spellcasting Skills healing spells [Basic] Final Attributes: You were piously aligned. You were sleep resistant. You were poison resistant. You were stunned. You saw invisible. You were stealthy. You were fast. You were lucky. You are dead. Vanquished creatures: a rock mole a fog cloud a yellow light a shrieker an elf zombie a little dog a floating eye 2 kittens 3 homunculi 2 giant bats a wererat an iguana an acid blob 6 coyotes a gas spore a large kobold 2 cave spiders 2 brown molds a yellow mold a red mold a gnome 6 garter snakes 3 geckos 12 jackals a kobold 2 goblins 3 sewer rats 5 grid bugs 4 lichens 3 newts 71 creatures vanquished. Voluntary challenges: You were an atheist. You never hit with a wielded weapon. You read items or engraved 11 times, starting on turn 340. You never genocided any monsters. You never polymorphed an object. You never changed form. You used no wishes. You never split a pudding. You never wrote Elbereth's name. You violated your moral code, losing 1 point of alignment, starting on turn 704. Dungeon overview: The Dungeons of Doom: levels 1 to 8 Level 1 a long staircase Level 2 Level 3 some fountains Level 4 some fountains Level 5 many fountains Level 6 a potion shop a long staircase Level 7 a fountain Level 8 <- You were here a fountain History has recorded: On T:1 you entered the Dungeons of Doom to retrieve the Amulet of Yendor! On T:292 you reached level 2 of The Dungeons of Doom. On T:522 you advanced to experience level 2. On T:703 you reached level 3 of The Dungeons of Doom. On T:1065 you advanced to experience level 3. On T:1273 you reached level 4 of The Dungeons of Doom. On T:1334 you advanced to experience level 4. On T:1630 you reached level 5 of The Dungeons of Doom. On T:1684 you reached level 6 of The Dungeons of Doom. On T:2116 you advanced to experience level 5. On T:2503 you reached level 7 of The Dungeons of Doom. On T:2935 you reached level 8 of The Dungeons of Doom. Score breakdown: Gold: 697 ( 9673 points) Experience: 5 levels (11141 points) Exploration: 8 levels ( 16.33%) (11456 points) Discoveries: 5 items ( 1.79%) ( 4008 points) Valuables value: (no points given unless you survive) Artifact value: 0 ( 0 points) Variety of kills: 30 monsters ( 7.87%) ( 8418 points) Turncount: 3133 turns ( -664 points) Survival: died (score multiplied by 80%) Total score: 35225 Latest messages: The kitten bites! You die... Final status: Goodbye zenyatta the Monk, killed by a kitten... You died in The Dungeons of Doom on dungeon level 8 with 35225 points, and 697 pieces of gold, after 3133 moves. You were level 5 with a maximum of 33 hit points when you died.